 Dungeon Crawl Stone Soup version 0.27.1-2-g3b301248ec (webtiles) character file.

Game seed: 9016599357806735562

63 nxtlvl the Chopper (level 4, -3/58 HPs)
             Began as a Hill Orc Monk on Sept 25, 2021.
             Slain by a kobold brigand (8 damage)
             ... in a sewer.
             The game lasted 00:05:18 (747 turns).

nxtlvl the Chopper (Hill Orc Monk)                   Turns: 747, Time: 00:05:20

Health: -3/58      AC: 26    Str: 13    XL:     4   Next: 9%
Magic:  4/4        EV:  2    Int: 10    God:
Gold:   41         SH:  0    Dex: 14    Spells: 3/3 levels left

rFire    . . .     SeeInvis .   a - +1 hand axe
rCold    . . .     Faith    .   (no shield)
rNeg     + + +     Spirit   .   (armour currently unavailable)
rPois    +         Reflect  .   (helmet currently unavailable)
rElec    .         Harm     .   (cloak currently unavailable)
rCorr    .         Rampage  .   (gloves currently unavailable)
Will     .....     NoTele   +   (boots currently unavailable)
Stlth    ++........             (no amulet)
HPRegen  0.19/turn              h - +4 ring of protection
MPRegen  0.09/turn              (no ring)

@: lethally poisoned (-3 -> -4), tree-form
A: stationary, stasis, torment immunity, boosted hp
a: no special abilities


You were in a sewer.
You were a tree.
You visited 1 branch of the dungeon, and saw 3 of its levels.
You also visited: Sewer.

You collected 41 gold pieces.

Inventory:

Hand Weapons
 a - a +1 hand axe (weapon)
Missiles
 e - 16 sling bullets
Armour
 c - a +0 scale mail (melded)
Jewellery
 d - a ring of ice
 h - a +4 ring of protection (left branch)
Scrolls
 b - 3 scrolls of enchant weapon
 g - a scroll of amnesia {unknown}
Potions
 f - a potion of lignification


   Skills:
 - Level 3.6 Fighting
 + Level 6.4 Axes
 - Level 2.4 Dodging
 - Level 1.5 Stealth


You had 3 spell levels left.
You didn't know any spells.
Your spell library contained the following spells:

 Spells                   Type           Power      Damage    Failure   Level
 Fireball                 Conj/Fire      0%         3d3       100%        5
 Iskenderun's Battlesphe  Conj           0%         2d6       100%        5
 Conjure Ball Lightning   Conj/Air       0%         3x3d6     100%        6
 Orb of Destruction       Conj           0%         N/A       100%        7


Dungeon Overview and Level Annotations

Branches:
Dungeon (3/15)              Sewer (1/1)

Altars:


Message History

The poisoned dart barely misses you.
It was a potion of lignification.
You turn into a tree.
Your +0 scale mail melds into your body.
Your roots penetrate the ground.
The kobold brigand throws a poisoned dart.
The poisoned dart hits you!
You are poisoned.
You feel very sick.
You closely miss the kobold brigand.
The kobold brigand is lightly wounded.
You feel sick.
You barely miss the kobold brigand.
The kobold brigand is lightly wounded.
You closely miss the kobold.
You feel sick.
The kobold brigand hits you but does no damage.
You are electrocuted!
* * * LOW HITPOINT WARNING * * *
The kobold hits you but does no damage.
You hit the kobold brigand.
The kobold brigand is moderately wounded.
You closely miss the kobold.
You feel sick.
The kobold brigand hits you but does no damage.
The kobold hits you but does no damage.
You closely miss the kobold brigand.
The kobold brigand is moderately wounded.
You hit the kobold.
You feel sick.
The kobold brigand splashes around in the water.
The kobold splashes around in the water.
You hit the kobold brigand.
The kobold brigand is moderately wounded.
You closely miss the kobold.
You feel sick.
The kobold brigand hits you but does no damage.
The kobold hits you but does no damage.
You barely miss the kobold brigand.
The kobold brigand is moderately wounded.
You hit the kobold but do no damage.
You feel sick.
The kobold brigand hits you with a +2 whip of electrocution.
* * * LOW HITPOINT WARNING * * *
You are electrocuted!
You die...

#≈# #≈# #≈# #≈# #≈# #≈#
#≈# ##≈#########
#.≈≈.†♣K≈≈.#
..≈...≈..)≈K≈≈.#
≈≈≈≈≈≈≈≈≈≈≈≈≈≈.#
≈≈≈≈≈≈≈≈≈≈≈≈≈≈≈.......#
≈≈≈≈≈≈≈≈≈≈≈≈≈≈≈≈#.....#
.....≈..≈≈≈≈≈≈..#.....#
##.###.≈≈...≈...# .##..
#∩ ############ ## .


You could see a kobold brigand and a kobold.

Vanquished Creatures
  2 adders (D:3)
  A river rat (Sewer)
  An orc (D:3)
  A bat (D:3)
  An endoplasm (D:1)
  A giant cockroach (D:3)
  2 goblins (D:2)
  2 hobgoblins
  5 jackals
  4 quokkas (D:3)
  4 ball pythons
  2 kobolds
  8 rats
34 creatures vanquished.

Notes
Turn   | Place    | Note
-------+----------+-------------------------------------------
     0 | D:1      | nxtlvl the Hill Orc Monk began the quest for the Orb.
     0 | D:1      | Reached XP level 1. HP: 19/19 MP: 1/1
   356 | D:2      | Reached XP level 2. HP: 22/26 MP: 2/2
   381 | D:2      | Reached skill level 5 in Axes
   466 | D:3      | Reached XP level 3. HP: 12/31 MP: 3/3
   581 | D:3      | Reached skill level 6 in Axes
   664 | D:3      | Found a glowing drain.
   668 | Sewer    | Entered a sewer
   681 | Sewer    | Reached XP level 4. HP: 27/39 MP: 4/4
   732 | Sewer    | Noticed a kobold brigand
   747 | Sewer    | Slain by a kobold brigand

Illustrated notes

Levels and vault maps discovered:
D:1:      ncdulo_watergridlock, layout_basic, dilly_ecumenical_altar_fadedgnrine
D:2:      layout_rooms
D:3:      layout_loops_ring, gup_sewer_entry_spiral
Sewer:    sewer_kobolds

Skill      XL: |  1  2  3 |
---------------+----------+-----
Axes           | 5 6 |  6.4
Fighting       | |  3.6
Dodging        | |  2.4
Stealth        | |  1.5

Action                   |  1- 3 |  4- 6 || total
-------------------------+-------+-------++-------
Melee: Hand axe          |   104 |    17 ||   121
  Use: Scroll            |       |     1 ||     1
       Potion            |       |     1 ||     1
Armor: Scale mail        |    42 |     8 ||    50
       Skin              |       |     6 ||     6
Dodge: Dodged            |    49 |     2 ||    51
